Map: Ley Lines

Players

Reynor - Winner!

  • Race: Zerg Zerg
  • League: Master
  • Spawn Location: 7:00

Lambo

  • Race: Zerg Zerg
  • Spawn Location: 1:00

Event: FEL Cracov 2025

VOD

Have the link to the VOD?

Description

Time

  • Played on: July 27, 2025, 12:23 p.m.
  • Length: 5:53

All games in this series

Show
View Real Time Build Order
Export as new Build Order

Reynor Zerg - Winner!

Build Orders: Hatch First 

Get SALT Encoding   

  12  0:00  Drone  
  13  0:09  Drone  
  14  0:16  Extractor, Drone  
  15  0:22  Overlord  
  15  0:41  Drone  
  16  0:45  Hatchery  
  16  0:49  Drone  
  16  0:52  Drone  
  16  0:56  Drone  
  18  1:06  Extractor  
  17  1:11  Spawning Pool  
  17  1:14  Drone  
  17  1:17  Drone  
  18  1:26  Drone  
  19  1:37  Drone  
  20  1:47  Drone  
  21  1:57  Queen x2  
  21  1:59  Zergling x2, Overlord  
  26  2:08  Drone  
  26  2:09  Drone  
  26  2:10  Metabolic Boost  
  28  2:19  Drone  
  28  2:20  Drone  
  31  2:30  Drone x2  
  32  2:37  Hatchery  
  32  2:40  Drone  
  32  2:43  Overlord  
  32  2:53  Zergling x2  
  32  2:55  Drone  
  34  3:01  Overlord  
  34  3:04  Zergling x2  
  35  3:06  Zergling x10  
  35  3:07  Zergling x2  
  41  3:14  Baneling Nest  
  41  3:15  Zergling x2  
  41  3:17  Zergling x2  
  42  3:26  Zergling x2  
  42  3:29  Queen  
  42  3:32  Zergling x2  
  45  3:36  Drone x2  
  45  3:37  Overlord  
  45  3:39  Drone x2  
  49  3:42  Drone x2  
  51  3:51  Overlord  
  51  3:52  Drone  
  51  3:53  Drone x2  
  54  4:00  Baneling x3  
  54  4:02  Drone  
  55  4:03  Extractor, Roach Warren  
  55  4:05  Drone  
  55  4:08  Drone  
  55  4:10  Drone  
  55  4:11  Drone  
  55  4:12  Drone  
  55  4:13  Drone  
  61  4:17  Drone x2  
  61  4:19  Baneling x2  
  61  4:22  Overlord  
  62  4:31  Zergling x4  
  63  4:42  Zergling x6  
  62  4:54  Roach x6  
  62  4:56  Overlord  
  62  4:58  Roach, Zergling x2  
  62  4:59  Zergling x8  
  80  5:04  Roach, Zergling x2  
  79  5:12  Roach  
  79  5:13  Overlord  
  81  5:16  Roach  
  81  5:21  Roach  
  79  5:23  Roach, Zergling x2  
  80  5:34  Roach x3  
  85  5:36  Zergling x6  
Show
View Real Time Build Order
Export as new Build Order

Lambo Zerg 

Build Orders: Hatch First 

Get SALT Encoding   

  12  0:00  Drone  
  13  0:07  Drone  
  14  0:15  Extractor  
  14  0:16  Drone  
  15  0:22  Overlord  
  15  0:40  Drone  
  16  0:44  Hatchery  
  16  0:48  Drone  
  16  0:52  Drone  
  16  0:56  Drone  
  18  1:03  Extractor  
  17  1:11  Spawning Pool  
  16  1:14  Drone  
  16  1:17  Drone  
  18  1:26  Drone  
  19  1:37  Drone  
  20  1:48  Drone  
  21  1:57  Drone  
  21  1:58  Queen x2  
  21  2:00  Overlord  
  26  2:05  Metabolic Boost  
  26  2:09  Drone  
  26  2:12  Drone  
  28  2:19  Drone  
  28  2:20  Zergling x2  
  30  2:29  Zergling x2  
  31  2:31  Zergling x2  
  32  2:38  Hatchery  
  32  2:42  Overlord  
  31  2:50  Baneling Nest  
  30  2:55  Overlord  
  30  3:01  Zergling x6  
  33  3:07  Zergling x8  
  33  3:09  Zergling x2  
  33  3:11  Zergling x2  
  39  3:14  Zergling x2  
  39  3:15  Zergling x2  
  39  3:19  Zergling x2  
  42  3:25  Zergling x2  
  42  3:34  Baneling x2  
  42  3:37  Drone x2  
  44  3:42  Drone x6  
  44  3:44  Drone  
  44  3:47  Baneling  
  51  3:53  Drone x2  
  51  3:54  Drone  
  53  4:00  Evolution Chamber  
  53  4:02  Drone x2  
  53  4:05  Overlord  
  53  4:07  Extractor  
  52  4:11  Drone  
  52  4:16  Overlord  
  53  4:17  Drone x4  
  53  4:23  Baneling, Overlord  
  57  4:24  Drone  
  57  4:26  Extractor  
  57  4:33  Drone  
  57  4:34  Drone x3  
  60  4:47  Drone x3  
  60  4:49  Drone x3  
  55  5:00  Drone x5  
  55  5:06  Drone  
  59  5:10  Drone  
  52  5:23  Zergling x8  
  52  5:24  Baneling x2  
  52  5:26  Roach Warren  
  54  5:30  Zergling x6  
  56  5:37  Baneling  
Tags
 
Add a new tag
Caveats
  • Supply blocks, unpowered buildings, or Contaminate may cause inaccurate times.
  • Supply counts are checked every 10 seconds.